 Dungeon Crawl Stone Soup version 0.26.0-16-gc1dbca0489 (webtiles) character file.

Game seed: 12065641803170570747

1932 kaeus the Sneak (level 9, -6/61 HPs)
             Began as an Octopode Wanderer on Jan 19, 2021.
             Was an Initiate of Gozag.
             Mangled by Harold
             ... wielding a +2 vorpal scimitar
              (8 damage)
             ... on level 7 of the Dungeon.
             The game lasted 00:19:02 (7392 turns).

kaeus the Sneak (Octopode Wanderer)                 Turns: 7392, Time: 00:19:02

Health: -6/61      AC:  8    Str:  9    XL:     9   Next: 17%
Magic:  12/12      EV: 17    Int: 12    God:    Gozag
Gold:   495        SH:  0    Dex: 19    Spells: 12/12 levels left

rFire    + + .     SeeInvis +   s - +1 rapier (protect)
rCold    x . .     Faith    .   (no shield)
rNeg     . . .     Spirit   .   (helmet restricted)
rPois    .         Reflect  .   (no amulet)
rElec    .         Harm     .   h - ring of see invisible
rCorr    .         Rampage  .   q - ring of protection from fire
Will     .....                  t - ring of fire
Stlth    +++++.....             (no ring)
HPRegen  0.20/turn              (no ring)
MPRegen  0.13/turn              (no ring)
                                (no ring)
                                (no ring)

@: marked, gold aura, protection aura
A: almost no armour, stealthy swim, amphibious, 8 rings, constrict 8, camouflage
1, gelatinous body 1
a: Renounce Religion, Potion Petition, Call Merchant, Bribe Branch


You were on level 7 of the Dungeon.
You worshipped Gozag.
Gozag was aware of your devotion.
You visited 2 branches of the dungeon, and saw 8 of its levels.
You also visited: Ossuary.

You collected 594 gold pieces.
You paid 99 gold pieces to Gozag.

Inventory:

Hand Weapons
 a - a +2 falchion
 s - a +1 rapier of protection (weapon)
 C - the cursed +1 shortbow of Obsession {venom, +Inv rF+}
   (You found it on level 5 of the Dungeon)

   It poisons the ammo it fires.
   It protects you from fire.
   It lets you turn invisible.
   It has a curse placed upon it.
 D - a +4 halberd
Jewellery
 h - a ring of see invisible (left tentacle)
 q - a ring of protection from fire (right tentacle)
 t - a ring of fire (on tentacle)
 E - a +6 ring of strength {unknown}
Scrolls
 c - 7 scrolls of teleportation
 d - 3 scrolls of enchant armour {unknown}
 f - 5 scrolls of amnesia
 i - 3 scrolls of identify
 j - a scroll of magic mapping {unknown}
 k - 3 scrolls of immolation {unknown}
 n - 6 scrolls of remove curse
 r - a scroll of noise {unknown}
 v - 3 scrolls of fear {unknown}
 w - a scroll of fog {unknown}
 y - a scroll of acquirement {unknown}
Potions
 b - a potion of curing
 e - 2 potions of ambrosia
 g - 6 potions of brilliance
 l - 2 potions of flight {unknown}
 m - 2 potions of heal wounds {unknown}
 o - 6 potions of attraction
 p - a potion of might {unknown}
 u - 2 potions of cancellation {unknown}
 x - a potion of degeneration {unknown}
 z - 2 potions of resistance {unknown}
 A - 2 potions of berserk rage {unknown}
 B - a potion of lignification {unknown}
 F - a potion of haste {unknown}


   Skills:
 + Level 5.1 Fighting
 + Level 4.3(5.6) Short Blades
 + Level 5.5(6.2) Long Blades
 - Level 1.1 Throwing
 + Level 5.4 Dodging
 + Level 7.2 Stealth
 - Level 2.1 Spellcasting
 - Level 1.1 Translocations
 - Level 2.8 Evocations


You had 12 spell levels left.
You didn't know any spells.
Your spell library was empty.

Dungeon Overview and Level Annotations

Branches:
Dungeon (7/15)             Temple (1/1) D:5         Ossuary (visited)

Altars:
Ashenzari
Cheibriados
Dithmenos
Elyvilon
Fedhas
Gozag
Hepliaklqana
Kikubaaqudgha
Makhleb
Nemelex Xobeh
Okawaru
Qazlal
Ru
Sif Muna
Trog
Uskayaw
Vehumet
Wu Jian
Xom
Yredelemnul
Zin

Annotations:
D:7 Harold


Innate Abilities, Weirdness & Mutations

You cannot wear most types of armour.
You are very stealthy in the water. (Stealth+)
You are amphibious.
You can wear up to eight rings at the same time.
You can use your tentacles to constrict eight enemies at once.
Your skin changes colour to match your surroundings (Stealth+).
Your rubbery body absorbs attacks. (AC +1, EV +1)


Message History

You constrict Harold, but do no damage. Harold casts a spell at you.
The mark upon you grows brighter.
You hit Harold but do no damage. You constrict Harold.
Harold hits you with a +2 vorpal scimitar!
You are too injured to fight recklessly!
You are too injured to fight recklessly!
You are too injured to fight recklessly!
You are too injured to fight recklessly!
You are too injured to fight recklessly!
You hit Harold. You squeeze Harold, but do no damage.
Harold is lightly wounded.
You constrict Harold.
Harold hits you with a +2 vorpal scimitar!
* * * LOW HITPOINT WARNING * * *
You feel better.
You constrict Harold, but do no damage.
Harold hits you with a +2 vorpal scimitar!!
* * * LOW HITPOINT WARNING * * *
You die...
Your body crumbles into a pile of gold.

#.###..=...
##...........
.............
#.............
#..............
#..............
#.@............
..##..@..........K
...................
..###..............
#..............
#......<.......
#.....$........
..........(.....
..............$..
.................


You could see Harold.

Vanquished Creatures
  2 ice beasts
  A sky beast (D:6)
  An ogre (D:3)
  A bullfrog (D:6)
  8 scorpions
  5 wights (D:6)
  An electric eel (D:6)
  A howler monkey (D:5)
  A human zombie (Ossuary)
  6 orc wizards
  2 orc priests (D:5)
  A bullfrog skeleton (D:4)
  A hound (D:5)
  2 worker ants
  3 big kobold zombies (Ossuary)
  2 hound skeletons
  3 mummies (Ossuary)
  A worker ant zombie (D:6)
  8 scorpion zombies (Ossuary)
  3 gnolls (D:3)
  8 adders
  A shadow imp (D:6)
  2 white imps
  An ufetubus (D:5)
  An adder zombie (D:3)
  3 worms
  2 dart slugs (D:1)
  A leopard gecko (D:4)
  20 orcs
  4 giant cockroaches
  2 gnoll zombies (Ossuary)
  6 hobgoblins
  7 jackals
  A quokka (D:2)
  A ball python (D:1)
  5 bats
  8 frilled lizards
  15 goblins
  A goblin zombie (Ossuary)
  3 hobgoblin zombies (Ossuary)
  A jackal zombie (D:5)
  7 kobolds
  2 kobold zombies (Ossuary)
  4 orc zombies (Ossuary)
  A quokka zombie (D:6)
  7 rats
167 creatures vanquished.

Notes
Turn   | Place    | Note
-------+----------+-------------------------------------------
     0 | D:1      | kaeus the Octopode Wanderer began the quest for the Orb.
     0 | D:1      | kaeus set off with the following items: a +2 falchion, a
                  | potion of curing, a scroll of teleportation
     0 | D:1      | Reached XP level 1. HP: 13/13 MP: 3/3
    26 | D:1      | Reached XP level 2. HP: 15/18 MP: 5/5
   431 | D:1      | Reached skill level 1 in Stealth
   431 | D:1      | Reached XP level 3. HP: 21/23 MP: 6/6
  1015 | D:2      | Reached XP level 4. HP: 24/29 MP: 7/7
  1068 | D:2      | Reached skill level 2 in Stealth
  1739 | D:2      | Found a stormy altar of Qazlal.
  1801 | D:3      | Reached XP level 5. HP: 21/34 MP: 8/8
  1967 | D:3      | Noticed an ogre
  1976 | D:3      | Killed an ogre
  1977 | D:3      | Reached skill level 3 in Stealth
  1977 | D:3      | Reached XP level 6. HP: 12/41 MP: 9/9
  3476 | D:4      | Reached skill level 1 in Short Blades
  3707 | D:4      | Reached skill level 4 in Stealth
  4086 | D:5      | Entered Level 5 of the Dungeon
  4091 | D:5      | Found a sand-covered staircase.
  4100 | Ossuary  | Entered an ossuary
  4127 | Ossuary  | Reached XP level 7. HP: 46/46 MP: 10/10
  4574 | Ossuary  | HP: 2/46 [poisoned by a scorpion]
  4954 | Ossuary  | Reached skill level 5 in Stealth
  4998 | Ossuary  | Reached XP level 8. HP: 54/54 MP: 11/11
  5384 | D:5      | Found a staircase to the Ecumenical Temple.
  5439 | Temple   | Entered the Ecumenical Temple
  5551 | Temple   | Became a worshipper of Gozag Ym Sagoz the Greedy
  5579 | D:5      | Got a translucent shortbow
  5580 | D:5      | Identified the cursed +1 shortbow of Obsession {venom, +Inv
                  | rF+} (You found it on level 5 of the Dungeon)
  5618 | D:5      | Reached skill level 6 in Stealth
  6231 | D:6      | Reached skill level 5 in Long Blades
  6244 | D:6      | Reached skill level 5 in Dodging
  6527 | D:6      | Reached XP level 9. HP: 60/60 MP: 12/12
  6556 | D:6      | Reached skill level 5 in Fighting
  6881 | D:6      | Reached skill level 7 in Stealth
  7380 | D:7      | Noticed Harold
  7392 | D:7      | HP: 2/61 [Harold/+2 vorpal scimitar (24)]
  7392 | D:7      | Mangled by Harold

Illustrated notes

Levels and vault maps discovered:
D:1:      grunt_arrival_lava_bath, layout_rooms, chequers_serial_rivers_micro_d,
          minmay_misc_feat_rows, solitary_fountain
D:2:      layout_rooms, serial_co_window_serial, co_window_paths_a,
          co_window_corner_a, co_window_paths_a, co_window_paths_a,
          co_window_corner_a, co_window_paths_c, co_window_of_opportunity_b,
          co_window_corner_cb, glass_columns_a, glass_columns_c,
          glass_columns_b, glass_columns_a, nicolae_qazlal_eye_of_the_storm
D:3:      layout_rooms
D:4:      layout_gridville, glass_columns_c
D:5:      layout_loops_corners, minmay_temple_entry_sparse_star,
          lightli_ossuary_entry_decrepit_ruins
D:6:      layout_basic, minivault_14
D:7:      layout_basic, kennysheep_minor_cross, uniq_harold
Temple:   compressed_dpeg_triangle_lava_temple

Skill      XL: |  1  2  3  4  5  6  7  8  9 |
---------------+----------------------------+-----
Stealth        | 1 2 3 4 5 6 7 |  7.2
Evocations     | 2 |  2.8
Fighting       | 2 3 4 5 |  5.1
Long Blades    | 3 4 5 |  5.5
Dodging        | 3 4 5 |  5.4
Short Blades   | 1 2 4 |  4.3
Throwing       | |  1.1
Spellcasting   | |  2.1
Translocations | |  1.1

Action                   |  1- 3 |  4- 6 |  7- 9 || total
-------------------------+-------+-------+-------++-------
Melee: Falchion          |    54 |    51 |       ||   105
       Constrict         |    19 |    32 |    53 ||   104
       Tentacles         |    12 |    30 |    70 ||   112
       Rapier            |       |    66 |   252 ||   318
  Use: Potion            |       |       |     3 ||     3
       Scroll            |       |       |     6 ||     6
 Stab: Sleeping          |     8 |    11 |    16 ||    35
       Distracted        |       |       |     1 ||     1
Armor: Skin              |     3 |    17 |    43 ||    63
Dodge: Dodged            |    32 |    81 |   154 ||   267
       Rpst.: Falchion   |    10 |    11 |       ||    21
